 Dungeon Crawl Stone Soup version 0.31-a0-1620-gcbf77bbcfc (webtiles) character file.

Game seed: 13891546868250153847

240 Newt the Shooter (level 6, -1/40 HPs)
             Began as a Kobold Hunter on Jan 11, 2024.
             Slain by Grinder (6 damage)
             ... on level 4 of the Dungeon.
             The game lasted 00:02:39 (2266 turns).

Newt the Shooter (Kobold Hunter)                    Turns: 2266, Time: 00:02:40

Health: -1/40      AC:  4    Str:  8    XL:     6   Next: 30%
Magic:  15/15      EV: 14    Int: 11    God:
Gold:   161        SH:  0    Dex: 20    Spells: 5/5 levels left

rFire   . . .        a - +2 shortbow
rCold   . . .        (shield currently unavailable)
rNeg    . . .        c - +0 leather armour
rPois   .            m - +0 helmet
rElec   .            (no cloak)
rCorr   .            (no gloves)
SInv    .            (no boots)
Will    .....        (no amulet)
Stlth   +++          d - ring of magical power
HPRegen 0.26/turn    (no ring)
MPRegen 0.14/turn

%: no passive effects
@: mighty
A: small, no large weapons, nightstalker 3
a: no special abilities


You were on level 4 of the Dungeon.
You visited 1 branch of the dungeon, and saw 4 of its levels.

You collected 161 gold pieces.

Inventory:

Hand Weapons
 a - a +2 shortbow (weapon)
Armour
 c - a +0 leather armour (worn)
 m - a +0 helmet (worn)
Jewellery
 d - a ring of magical power (left hand)
Scrolls
 b - 2 scrolls of butterflies
 i - a scroll of amnesia
Potions
 e - a potion of might
 f - a potion of brilliance {unknown}
 g - a potion of curing {unknown}
 h - a potion of lignification {unknown}
 j - 2 potions of degeneration {unknown}
 k - a potion of ambrosia {unknown}
 l - 2 potions of heal wounds {unknown}
 n - a potion of mutation {unknown}


   Skills:
 - Level 5.0 Fighting
 + Level 7.6 Ranged Weapons
 - Level 2.4 Dodging
 - Level 1.3 Stealth


You had 5 spell levels left.
You didn't know any spells.
Your spell library contained the following spells:

 Spells                   Type           Power      Damage    Failure   Level
 Necrotise                Necr           0%         1d4       45%         1
 Summon Small Mammal      Summ           0%         N/A       45%         1
 Call Canine Familiar     Summ           0%         N/A       83%         3
 Vampiric Draining        Necr           0%         2d6       83%         3
 Martyr's Knell           Necr/Summ      0%         N/A       99%         4
 Summon Blazeheart Golem  Fire/Summ      0%         N/A       99%         4
 Curse of Agony           Necr           0%         N/A       100%        5


Dungeon Overview and Level Annotations

Branches:
Dungeon (4/15)
 Temple: D:4-7

Altars:
Makhleb

Annotations:
D:4 Grinder


Innate Abilities, Weirdness & Mutations

You are small and have problems with some larger weapons.
You are completely attuned to the shadows.


Message History

The lemure is severely wounded.
The lemure barely misses you.
You shoot an arrow. The arrow closely misses the lemure.
The lemure closely misses you.
You shoot an arrow. The arrow barely misses the lemure.
You hear a shout!
The lemure closely misses you.
You shoot an arrow.
The arrow hits the lemure but does no damage.
The lemure is severely wounded.
The lemure misses you.
You shoot an arrow. The arrow hits the lemure.
The lemure is almost dead.
The lemure closely misses you. x2
You shoot an arrow. The arrow hits the lemure.
You kill the lemure!
That felt strangely unrewarding.
Grinder blinks!
You shoot an arrow.
Grinder says, "Mostly I couldn't keep them alive."
You shoot an arrow. The arrow hits Grinder.
Grinder is lightly wounded.
Grinder misses you.
You shoot an arrow.
The arrow hits Grinder but does no damage.
Grinder is lightly wounded.
Grinder says, "Tell me all your secrets, or I'll kill you."
Grinder barely misses you.
You shoot an arrow. The arrow closely misses Grinder.
Grinder hits you.
You writhe in agony.
You shoot an arrow. The arrow hits Grinder!
Grinder is moderately wounded.
Grinder hits you!
You writhe in agony.
* * * LOW HITPOINT WARNING * * *
It was a potion of might.
You feel very mighty all of a sudden. Grinder hits you.
* * * LOW HITPOINT WARNING * * *
You writhe in agony.
You die...
Grinder sighs, "Dead already?
I want a refund."

.. ......
#.##### #.#..#
..... #.#..#
..#.)####.#..#
.....†.@5....###
..##.######....#
.... #.......
)##.#. #.####.#
#.#.##..#8###
#..'..##
#.##8..##
#.###...## #.#
##).8#


You could see Grinder.

Vanquished Creatures
  An ogre (D:4)
  A lemure (D:4)
  A jelly (D:2)
  Terence (D:2)
  Robin (D:3)
  3 adders
  A ribbon worm (D:2)
  An orc (D:4)
  6 bats
  5 endoplasms
  A giant cockroach (D:2)
  15 goblins
  5 hobgoblins
  6 jackals
  4 kobolds
  A quokka (D:4)
  4 ball pythons (D:2)
  3 frilled lizards (D:3)
  5 rats
65 creatures vanquished.

Notes
Turn   | Place    | Note
-------+----------+-------------------------------------------
     0 | D:1      | Newt the Kobold Hunter began the quest for the Orb.
     0 | D:1      | Reached XP level 1. HP: 12/12 MP: 1/1
   474 | D:1      | Reached XP level 2. HP: 18/18 MP: 2/2
   779 | D:2      | Reached XP level 3. HP: 22/23 MP: 3/3
   909 | D:2      | Noticed Terence
   914 | D:2      | Killed Terence
   947 | D:2      | Reached XP level 4. HP: 30/30 MP: 4/4
  1230 | D:2      | Reached skill level 5 in Fighting
  1354 | D:2      | Reached XP level 5. HP: 35/35 MP: 5/5
  1698 | D:3      | Noticed Robin
  1709 | D:3      | Reached skill level 6 in Ranged Weapons
  1722 | D:3      | Killed Robin
  1789 | D:3      | Found a burning altar of Makhleb.
  2243 | D:4      | Noticed an ogre
  2245 | D:4      | Noticed a lemure
  2246 | D:4      | Killed an ogre
  2247 | D:4      | Reached skill level 7 in Ranged Weapons
  2247 | D:4      | Reached XP level 6. HP: 40/40 MP: 6/6
  2248 | D:4      | Noticed Grinder
  2266 | D:4      | Slain by Grinder

Illustrated notes

Levels and vault maps discovered:
D:1:      minmay_arrival_semitransparent, layout_basic
D:2:      layout_basic, uniq_terence
D:3:      layout_loops_ring, bloody_makhleb, uniq_robin
D:4:      layout_basic, mainiacjoe_overflow_tiny_flanked, grunt_ministairs_8,
          nicolae_concentric_dashed_squares_mild, st_stairs_14, uniq_pikel,
          uniq_grinder

Skill      XL: |  1  2  3  4  5 |
---------------+----------------+-----
Fighting       | 3 4 5 |  5.0
Ranged Weapons | 7 |  7.6
Dodging        | |  2.4
Stealth        | |  1.3

Action                     |  1- 3 |  4- 6 || total
---------------------------+-------+-------++-------
   Fire: Shortbow          |    60 |    99 ||   159
    Use: Scroll            |     3 |     4 ||     7
         Potion            |       |     1 ||     1
 Armour: Leather armour    |     7 |    23 ||    30
  Dodge: Dodged            |    24 |    39 ||    63

Table legend: (Time is in decaauts)
 A = Elapsed time spent in this place.
 B = Non-inter-level travel time spent in this place.
 C = Inter-level travel time spent in this place.
 D = Time resting spent in this place.
 E = Time spent auto-exploring this place.
 F = Levels seen in this place.
 G = Mean time per level.
                   A        B        C        D        E       F      G
               +--------+--------+--------+--------+--------+-----+--------+
         Total |   2290 |   2222 |     68 |      0 |   1914 |   4 |  572.5 |
       Dungeon |   2290 |   2222 |     68 |      0 |   1914 |   4 |  572.5 |
               +--------+--------+--------+--------+--------+-----+--------+

Top non-repeatable levels by time:
     D:2: 876 daAuts
     D:3: 685 daAuts
     D:1: 677 daAuts
     D:4: 51 daAuts
